 Dungeon Crawl Stone Soup version 0.31-a0-236-g9a0961fb85 (webtiles) character file.

Game seed: 16472698035140696536

63 funkygono the Shield-Bearer (level 3, -4/33 HPs)
             Began as a Minotaur Fighter on July 10, 2023.
             Slain by a lemure (8 damage)
             ... led by Pikel
             ... on level 3 of the Dungeon.
             The game lasted 00:02:51 (2163 turns).

funkygono the Shield-Bearer (Minotaur Fighter)      Turns: 2163, Time: 00:02:51

Health: -4/33      AC:  9    Str: 22    XL:     3   Next: 87%
Magic:  2/2        EV:  8    Int:  5    God:
Gold:   180        SH:  4    Dex:  9    Spells: 2/2 levels left

rFire   . . .        a - +0 war axe
rCold   . . .        c - +0 buckler
rNeg    . . .        h - +0 chain mail
rPois   .            (helmet restricted)
rElec   .            (no cloak)
rCorr   +            (no gloves)
SInv    .            (no boots)
Will    .....        (no amulet) Stlth
                     f - ring of resist corrosion
HPRegen 0.25/turn    (no ring)
MPRegen 0.08/turn

%: no passive effects
@: no status effects
A: horns 2, retaliatory headbutt
a: no special abilities


You were on level 3 of the Dungeon.
You visited 1 branch of the dungeon, and saw 4 of its levels.

You collected 180 gold pieces.

Inventory:

Hand Weapons
 a - a +0 war axe (weapon)
Missiles
 e - 12 stones (quivered)
 l - 4 poisoned darts
Armour
 c - a +0 buckler (worn)
 h - a +0 chain mail (worn)
Jewellery
 f - a ring of resist corrosion (left hand)
Scrolls
 b - a scroll of brand weapon {unknown}
 g - 2 scrolls of identify {unknown}
 j - a scroll of amnesia {unknown}
 k - 2 scrolls of fear {unknown}
 m - a scroll of blinking {unknown}
 n - a scroll of teleportation {unknown}
 q - a scroll of poison {unknown}
Potions
 d - 5 potions of might
 i - 2 potions of curing {unknown}
 o - 2 potions of lignification {unknown}
 p - a potion of ambrosia {unknown}


   Skills:
 + Level 3.9 Fighting
 + Level 3.9 Axes
 + Level 0.1 Throwing
 + Level 4.0 Armour
 + Level 0.2 Dodging
 + Level 0.1 Stealth
 + Level 4.2 Shields


You had 2 spell levels left.
You didn't know any spells.
Your spell library contained the following spells:

 Spells                   Type           Power      Damage    Failure   Level
 Conjure Ball Lightning   Conj/Air       0%         3x3d6     100%        6
 Discord                  Hex            0%         N/A       100%        8
 Disjunction              Tloc           0%         N/A       100%        8


Dungeon Overview and Level Annotations

Branches:
Dungeon (4/15)
 Temple: D:4-7

Altars:
Nemelex Xobeh

Shops:
D:3 (

Annotations:
D:3 Pikel
D:4 Grinder


Innate Abilities, Weirdness & Mutations

You have a pair of horns on your head.
You reflexively headbutt those who attack you in melee.


Message History

Okay, then.
Search for what [? for help]? armour
(D) Dungeon
Where to? (? - help)
What level of the Dungeon? (default 1, ? - help)
There is a stone staircase leading down here.
You climb downwards.
Grinder shouts!
Pikel shouts!
The lemure shouts! x4
Found 14 gold pieces, a scroll labelled XIHIAQ BUHEWA and a runed falchion.
There is a stone staircase leading up here.
There are monsters nearby!
Unknown command.
Grinder blinks!
The lemure barely misses you. Pikel hits you but does no damage.
The lemure barely misses you.
You climb upwards.
There is a stone staircase leading down here.
Unknown command.
You hit Pikel but do no damage. Your headbutt misses Pikel.
You barely miss the lemure. The lemure closely misses you.
You block Pikel's attack.
You barely miss Pikel. You hit the lemure.
The lemure hits you but does no damage.
Pikel hits you with a +2 whip of freezing.
Pikel freezes you.
You barely miss Pikel. Your headbutt misses Pikel. You slash the lemure!
The lemure hits you. Pikel barely misses you.
You hit Pikel but do no damage. You slash the lemure!
The lemure hits you but does no damage. Pikel closely misses you.
The lemure hits you.
Pikel hits you with a +2 whip of freezing.
Pikel freezes you.
You barely miss Pikel. You closely miss the lemure. The lemure hits you.
Pikel hits you with a +2 whip of freezing.
* * * LOW HITPOINT WARNING * * *
Pikel freezes you.
* * * LOW HITPOINT WARNING * * *
You hit Pikel but do no damage. You slash the lemure!
You block the lemure's attack. Pikel hits you but does no damage.
The lemure hits you!
You die...

########## #.........
#########.########
#.......#.## ##############
#5.........#
.............###@......#.##
....########....K......###
###.# #####......†##########
#.#
##########.......#....#....
#.#
#................'.8..#..##
#.###.#############..#..8.'.##
#.##...## ### #..#....###
#.#.....####.######..######
#...........#.......##


You could see Pikel and a lemure.

Vanquished Creatures
  An adder (D:3)
  2 dart slugs
  3 ball pythons
  3 endoplasms (D:1)
  4 giant cockroaches
  6 goblins
  7 hobgoblins
  2 quokkas
  5 bats
  2 frilled lizards (D:2)
  6 kobolds
  4 rats
45 creatures vanquished.

Notes
Turn   | Place    | Note
-------+----------+-------------------------------------------
     0 | D:1      | funkygono the Minotaur Fighter began the quest for the Orb.
     0 | D:1      | Reached XP level 1. HP: 19/19 MP: 0/0
   404 | D:1      | Reached XP level 2. HP: 22/26 MP: 1/1
  1244 | D:2      | Reached XP level 3. HP: 33/33 MP: 2/2
  1246 | D:2      | Found a sparkling altar of Nemelex Xobeh.
  2004 | D:3      | Found Toalakh's Antique Weapon Shoppe.
  2154 | D:4      | Noticed Grinder
  2154 | D:4      | Noticed Pikel
  2154 | D:4      | Noticed a lemure
  2154 | D:4      | Noticed a lemure
  2154 | D:4      | Noticed a lemure
  2154 | D:4      | Noticed a lemure
  2163 | D:3      | Slain by a lemure

Illustrated notes

Levels and vault maps discovered:
D:1:      dpeg_arrival_snail, layout_basic
D:2:      layout_basic, basic_altar
D:3:      layout_loops_ring, serial_shops, nicolae_shop_trees,
          kennysheep_generic_room_14
D:4:      nicolae_cairo_tiling_large_dashed, layout_rooms,
          minmay_misc_feat_square, uniq_sigmund, uniq_edmund, uniq_grinder,
          uniq_pikel

Skill      XL: |  1  2  3 |
---------------+----------+-----
Axes           | 3 |  3.9
Shields        | 4 |  4.2
Armour         | 4 |  4.0
Fighting       | |  3.9
Throwing       | |  0.1
Dodging        | |  0.2
Stealth        | |  0.1

Action                     || total
---------------------------++-------
  Melee: War axe           ||   112
         Headbutt          ||    17
  Throw: Stone             ||    11
 Armour: Scale mail        ||    13
         Chain mail        ||    62
  Dodge: Dodged            ||    45
  Block: Buckler           ||    25

Table legend: (Time is in decaauts)
 A = Elapsed time spent in this place.
 B = Non-inter-level travel time spent in this place.
 C = Inter-level travel time spent in this place.
 D = Time resting spent in this place.
 E = Time spent auto-exploring this place.
 F = Levels seen in this place.
 G = Mean time per level.
                   A        B        C        D        E       F      G
               +--------+--------+--------+--------+--------+-----+--------+
         Total |   2204 |   2126 |     78 |      0 |   1698 |   4 |  551.0 |
       Dungeon |   2204 |   2126 |     78 |      0 |   1698 |   4 |  551.0 |
               +--------+--------+--------+--------+--------+-----+--------+

Top non-repeatable levels by time:
     D:1: 861 daAuts
     D:3: 736 daAuts
     D:2: 603 daAuts
     D:4: 2 daAuts
